 Dungeon Crawl Stone Soup version 0.20-a0-303-g575bbf7 (webtiles) character file.

149 snakesoul the Grave Robber (level 5, 0/37 HPs)
             Began as a Demonspawn Necromancer on Dec 17, 2016.
             Slain by a river rat (6 damage)
             ... in a sewer.
             The game lasted 00:08:34 (2495 turns).

snakesoul the Grave Robber (Demonspawn Necromancer) Turns: 2495, Time: 00:08:35

Health: 0/37       AC:  3    Str:  8    XL:     5   Next: 9%
Magic:  4/9        EV: 12    Int: 18    God:
Gold:   87         SH:  0    Dex: 13    Spells: 2/10 levels left

rFire  . . .     SeeInvis .     f - +0 short sword
rCold  . . .     Gourm    .     a - +0 robe
rNeg   . . .     Faith    .     (no shield)
rPois  .         Spirit   .     (no helmet)
rElec  .         Reflect  .     r - +0 cloak
rCorr  .         Harm     .     (no gloves)
MR     .....                    (no boots)
Stlth  +.........               (no amulet)
                                (no ring)
                                h - ring of loudness (curse)

@: no status effects
A: hooves 1, demonic guardian 1, powered by death 1
a: no special abilities


You were in a sewer.
You were not hungry.

You visited 1 branch of the dungeon, and saw 3 of its levels.
You also visited: Sewer.

You collected 87 gold pieces.

Inventory:

Hand Weapons
 f - a +0 short sword (weapon)
Armour
 a - a +0 robe (worn)
 r - a +0 cloak (worn)
Jewellery
 h - a cursed ring of loudness (left hand)
 u - a +4 ring of protection {unknown}
Wands
 p - a wand of disintegration (14/24)
Scrolls
 i - 2 scrolls of magic mapping
 k - a scroll of amnesia
 m - 3 scrolls of identify
 s - 2 scrolls of recharging {unknown}
 t - a scroll of remove curse {unknown}
 w - a scroll of enchant weapon {unknown}
Potions
 d - 2 potions of magic
 e - 2 potions of might {unknown}
 g - 2 potions of flight
 l - a potion of degeneration {unknown}
 n - a potion of haste {unknown}
 o - 3 potions of heal wounds {unknown}
 q - a potion of cure mutation {unknown}
 x - a potion of curing {unknown}
Books
 b - a book of Necromancy

   Spells                             Type                      Level
   a - Pain                           Necromancy                   1
   b - Animate Skeleton               Necromancy                   1
   c - Vampiric Draining              Necromancy                   3
   d - Regeneration                   Charms/Necromancy            3
   e - Animate Dead                   Necromancy                   4
   f - Control Undead                 Necromancy                   4
Comestibles
 c - a bread ration
 j - 6 chunks of flesh
 v - a meat ration


   Skills:
 + Level 1.0 Fighting
 - Level 1.7 Dodging
 - Level 1.7 Stealth
 + Level 3.1 Spellcasting
 * Level 6.2 Necromancy


You had 2 spell levels left.
You knew the following spells:

 Your Spells              Type           Power        Failure   Level  Hunger
a - Pain                  Necr           ####         1%          1    None
b - Animate Skeleton      Necr           N/A          1%          1    None
c - Vampiric Draining     Necr           ####......   3%          3    ###....
d - Regeneration          Chrm/Necr      ##........   17%         3    ###....


Dungeon Overview and Level Annotations

Branches:
Dungeon (3/15)

Altars:


Innate Abilities, Weirdness & Mutations

You have large cloven feet.
A weak demonic guardian rushes to your aid.
You regenerate a little health from kills.


Message History

Aim: a river rat (water, moderately wounded, chance to defeat MR: 89%)
The river rat writhes in agony!
You kill the river rat!
Your Fighting skill increases to level 1!
The river rat misses you.
The rat bites your frilled lizard skeleton.
Your frilled lizard skeleton is destroyed!
Casting: Pain
Confirm with . or Enter, or press ? or * to list all spells.
Aiming: Pain
Press: ? - help, Shift-Dir - straight line, f - river rat
Aim: a river rat (chance to defeat MR: 89%)
The river rat writhes in agony!
The river rat barely misses you.
Casting: Pain
Confirm with . or Enter, or press ? or * to list all spells.
Aiming: Pain
Press: ? - help, Shift-Dir - straight line, f/p - river rat
Aim: a river rat (heavily wounded, chance to defeat MR: 89%)
The river rat writhes in agony!
The river rat bites you.
You die...

#........... .. ##.......# ...
..##........####......
.........†...##......##≈≈ ≈≈≈≈≈
.........)..........≈≈≈≈≈
≈≈≈≈≈≈≈≈≈≈≈≈.....rr....≈≈≈≈≈≈≈≈≈≈
≈≈≈≈≈≈≈≈≈≈≈≈≈≈≈≈≈r≈≈≈≈≈≈≈≈≈≈≈≈≈≈≈
≈≈≈≈≈≈≈≈≈≈≈≈≈≈≈≈r≈≈≈≈≈≈≈≈≈≈≈≈≈≈≈≈
≈≈≈≈≈≈≈≈≈≈≈≈≈≈..@....≈≈≈≈≈≈≈≈≈≈≈≈
≈≈≈≈≈≈≈≈≈≈≈≈≈...........≈≈≈≈≈≈≈≈≈
≈≈≈........................≈≈≈≈≈≈
................................Z
................................)
........##.......................
......#####.......##.%...........
#...######...##..#####......###..
##### #∩..#####..######...## ###


You could see a river rat and 3 rats.

Vanquished Creatures
  An adder (D:2)
  A gnoll (D:2)
  3 river rats
  3 dart slugs (D:1)
  3 leopard geckos
  4 bats
  2 giant cockroaches
  3 goblins
  3 hobgoblins
  3 jackals (D:2)
  2 ball pythons
  5 frilled lizards
  9 kobolds
  15 rats
57 creatures vanquished.

Vanquished Creatures (collateral kills)
  2 adders
  2 gnolls (D:2)
  A river rat (Sewer)
  A worm (D:2)
  A dart slug (D:1)
  2 leopard geckos (D:3)
  A kobold (D:2)
  A frilled lizard (D:2)
  10 rats
21 creatures vanquished.

Grand Total: 78 creatures vanquished

Notes
Turn   | Place    | Note
-------+----------+-------------------------------------------
     0 | D:1      | snakesoul the Demonspawn Necromancer began the quest for the Orb.
     0 | D:1      | Reached XP level 1. HP: 13/13 MP: 3/3
    59 | D:1      | Learned a level 1 spell: Animate Skeleton
   229 | D:1      | Gained mutation: A weak demonic guardian rushes to your aid. [demonic ancestry]
   229 | D:1      | Reached XP level 2. HP: 19/19 MP: 5/5
   822 | D:1      | Reached skill level 5 in Necromancy
   961 | D:2      | Reached XP level 3. HP: 24/24 MP: 6/6
  1222 | D:2      | Gained mutation: You have large cloven feet. [demonic ancestry]
  1222 | D:2      | Reached XP level 4. HP: 10/30 MP: 3/8
  1830 | D:2      | Learned a level 3 spell: Vampiric Draining
  1834 | D:2      | Learned a level 3 spell: Regeneration
  2062 | D:3      | Found a glowing drain.
  2075 | Sewer    | Entered a sewer
  2188 | Sewer    | Reached skill level 6 in Necromancy
  2457 | Sewer    | Gained mutation: You regenerate a little health from kills. [demonic ancestry]
  2457 | Sewer    | Reached XP level 5. HP: 13/36 MP: 9/9
  2493 | Sewer    | Reached skill level 1 in Fighting
  2495 | Sewer    | Slain by a river rat

Vault maps used:
D:1:      lightli_molten_gateway
D:3:      old_standard_altar, gup_sewer_entry_bubbles, uniq_robin, uniq_grinder
Sewer:    sewer_minmay_treatment

Skill      XL: |  1  2  3  4  5 |
---------------+----------------+-----
Necromancy     | 5 6 |  6.2
Spellcasting   | 3 |  3.1
Fighting       | 1 |  1.0
Dodging        | |  1.7
Stealth        | |  1.7

Action                   |  1- 3 |  4- 6 || total
-------------------------+-------+-------++-------
Melee: Unarmed           |     1 |       ||     1
       Short sword       |    33 |    49 ||    82
       Club              |     1 |       ||     1
       Kick              |       |    10 ||    10
 Cast: Pain              |    27 |    36 ||    63
       Animate Skeleton  |    10 |    23 ||    33
  Use: Scroll            |     4 |       ||     4
       Potion            |     1 |       ||     1
 Stab: Sleeping          |     1 |       ||     1
  Eat: Chunk             |     1 |     4 ||     5
Armor: Robe              |    15 |     8 ||    23
Dodge: Dodged            |    32 |    48 ||    80
